 Dungeon Crawl Stone Soup version 0.32-a0-42-ga30500b4d3 (webtiles) character file.

Game seed: 8091760315038377508

2768 seren the Shooter (level 10, -4/74 HPs)
             Began as a Formicid Hexslinger on Feb 2, 2024.
             Was a Believer of Qazlal.
             Slain by a yak (12 damage)
             ... on level 7 of the Dungeon.
             The game lasted 00:28:44 (7719 turns).

seren the Shooter (Formicid Hexslinger)             Turns: 7719, Time: 00:28:45

Health: -4/74      AC:  4    Str: 20    XL:     10   Next: 1%
Magic:  16/16      EV: 14    Int: 16    God:    Qazlal [**....]
Gold:   372        SH:  3    Dex: 16    Spells: 6/18 levels left

rFire   + . .        b - +0 shortbow (elec)
rCold   + + .        (no shield)
rNeg    . . .        s - +2 robe {rC+ rF+}
rPois   .            (helmet unavailable)
rElec   .            (no cloak)
rCorr   .            (no gloves)
SInv    +            (no boots)
Will    .....        t - amulet of magic regeneration
Stlth   ++           q - +6 ring of strength
HPRegen 0.32/turn    n - ring of flight
MPRegen 0.55/turn

%: no passive effects
@: weak-willed, flying
A: permanent stasis, dig shafts and tunnels, antennae 3, four strong arms, cold
resistance 1
a: Dig, Shaft Self, Renounce Religion, Upheaval


You were on level 7 of the Dungeon.
You worshipped Qazlal.
Qazlal was pleased with you.
You visited 2 branches of the dungeon, and saw 9 of its levels.

You collected 372 gold pieces.

Inventory:

Hand Weapons
 a - a +1 sling of draining
 b - a +0 shortbow of electrocution (weapon)
 x - a +0 antimagic hand axe
Missiles
 C - a throwing net
Armour
 j - a +0 leather armour
 s - a +2 robe of resistance (worn)
 B - a +0 kite shield
Jewellery
 n - a ring of flight (right hand)
 q - a +6 ring of strength (left hand)
 t - an amulet of magic regeneration (around neck)
Wands
 m - a wand of flame (29)
 A - a wand of iceblast (11)
 D - a wand of mindburst (3)
Scrolls
 d - a scroll of amnesia {unknown}
 f - a scroll of torment {unknown}
 g - a scroll of fear {unknown}
 h - 2 scrolls of vulnerability
 i - a scroll of immolation {unknown}
 k - a scroll of revelation {unknown}
 o - a scroll of fog {unknown}
 p - 2 scrolls of noise {unknown}
 v - a scroll of blinking {unknown}
 y - a scroll of poison
 z - a scroll of acquirement {unknown}
Potions
 c - a potion of mutation {!q}
 e - 2 potions of attraction
 l - 4 potions of brilliance
 r - a potion of lignification
 u - a potion of enlightenment {unknown}
 w - 2 potions of curing
 E - a potion of berserk rage {unknown}


   Skills:
 + Level 5.1 Fighting
 * Level 6.7 Ranged Weapons
 + Level 4.5 Dodging
 - Level 3.0 Stealth
 + Level 4.5 Spellcasting
 + Level 6.4 Hexes
 + Level 4.4 Fire Magic
 + Level 4.6 Invocations


You had 6 spell levels left.
You knew the following spells:

 Your Spells              Type           Power      Damage    Failure   Level
a - Jinxbite              Hex            48%        N/A       1%          2
c - Sigil of Binding      Hex            24%        N/A       3%          3
d - Dimensional Bullseye  Hex/Tloc       6%         N/A       38%         4
i - Inner Flame           Hex/Fire       21%        N/A       5%          3

Your spell library contained the following spells:

 Spells                   Type           Power      Damage    Failure   Level
 Slow                     Hex            96%        N/A       1%          1
 Confusing Touch          Hex            24%        N/A       3%          3
 Tukima's Dance           Hex            24%        N/A       3%          3
 Cause Fear               Hex            12%        N/A       12%         4
 Fugue of the Fallen      Necr           3%         N/A       43%         3
 Ozocubu's Armour         Ice            3%         N/A       43%         3
 Vampiric Draining        Necr           3%         2d6       43%         3
 Iskenderun's Mystic Bla  Conj/Tloc      3%         2d3       85%         4
 Manifold Assault         Tloc           3%         N/A       85%         4


Dungeon Overview and Level Annotations

Branches:
Dungeon (8/15)             Temple (1/1) D:6
   Lair: D:8-11

Altars:
Cheibriados
Dithmenos
Elyvilon
Fedhas
Gozag
Hepliaklqana
Kikubaaqudgha
Makhleb
Nemelex Xobeh
Okawaru
Qazlal
Ru
Sif Muna
Trog
Uskayaw
Vehumet
Xom
Zin

Shops:
D:2 =

Annotations:
D:3 exclusion: black bear
D:5 3 runed translucent doors, nj0rd12's ghost, novice GnFE


Innate Abilities, Weirdness & Mutations

You cannot be hasted, slowed, berserked, paralysed or teleported.
You can dig through walls and to a lower floor.
You have a pair of large antennae on your head. (SInv)
Your four strong arms can wield two-handed weapons with a shield.
Your flesh is cold resistant. (rC+)


Message History

The yak gores you!
* * * LOW HITPOINT WARNING * * *
You are too injured to fight recklessly!
You are too injured to fight recklessly!
Fire: b) +0 shortbow (elec)
Press: ? - help, Q - select action, (/) - cycle Shift-Dir - straight line, f/p - yak
Aim: a yak (almost dead, heavily drained, 75% to hit)
You shoot an arrow. The arrow hits the yak.
Lightning courses through the yak!
You kill the yak!
Qazlal accepts your kill. The yak misses you.
You have reached level 10!
Fire: b) +0 shortbow (elec)
Press: ? - help, Q - select action, (/) - cycle Shift-Dir - straight line, f - yak
Aim: a yak (75% to hit)
You shoot an arrow. The arrow hits the yak!
Lightning courses through the yak!
The yak is severely wounded.
The yak gores you!
* * * LOW HITPOINT WARNING * * *
Fire: b) +0 shortbow (elec)
Press: ? - help, Q - select action, (/) - cycle Shift-Dir - straight line, f/p - yak
Aim: a yak (severely wounded, 75% to hit)
You shoot an arrow.
The arrow hits the yak but does no damage.
The yak is severely wounded.
The yak gores you!
* * * LOW HITPOINT WARNING * * *
Fire: b) +0 shortbow (elec)
Press: ? - help, Q - select action, (/) - cycle Shift-Dir - straight line, f/p - yak
Aim: a yak (severely wounded, 75% to hit)
You shoot an arrow. The arrow hits the yak!
The yak is almost dead.
The yak gores you.
* * * LOW HITPOINT WARNING * * *
Fire: b) +0 shortbow (elec)
Press: ? - help, Q - select action, (/) - cycle Shift-Dir - straight line, f/p - yak
Aim: a yak (almost dead, 75% to hit)
You shoot an arrow. The arrow closely misses the yak.
The yak gores you!
You die...

#.........##
##......[..#
#.....[...# ###
##.......## ###.##
#.......####....#
##........#......
##........÷>......
##†Y#...#####......
##.@###### #.......
##..## #.......
##..### ##......
##..#..# ##..... #
######......# ####
##.... #
###...........#
##..## ##.##
####.............#
##....## ###
...###...........#
#......###
.....##..........#
##........##


You could see a yak.

Vanquished Creatures
  5 yaks
  A steam dragon (D:6)
  2 water moccasins (D:7)
  A black bear (D:6)
  A centaur (D:5)
  3 phantoms
  2 gnoll sergeants
  2 scorpions
  2 howler monkeys
  A bombardier beetle (D:7)
  A gnoll bouda (D:7)
  5 hounds
  4 iguanas
  A jelly (D:7)
  3 orc priests
  2 sleepcaps
  3 orc wizards
  21 gnolls
  6 adders
  A shadow imp (D:7)
  A white imp (D:6)
  2 ufetubi (D:6)
  5 dart slugs
  2 ribbon worms
  39 orcs
  3 ball pythons
  7 endoplasms
  5 giant cockroaches
  9 goblins
  5 hobgoblins
  4 jackals
  4 kobolds
  6 quokkas
  6 bats
  2 frilled lizards
  6 rats
173 creatures vanquished.

Notes
Turn   | Place    | Note
-------+----------+-------------------------------------------
     0 | D:1      | seren the Formicid Hexslinger began the quest for the Orb.
     0 | D:1      | Reached XP level 1. HP: 15/15 MP: 2/2
   133 | D:1      | Reached XP level 2. HP: 21/21 MP: 3/3
   773 | D:2      | Reached XP level 3. HP: 23/26 MP: 5/5
   840 | D:2      | Learned a level 2 spell: Jinxbite
   844 | D:2      | Learned a level 3 spell: Inner Flame
   879 | D:2      | Reached skill level 1 in Stealth
   879 | D:2      | Reached XP level 4. HP: 32/33 MP: 4/6
  1058 | D:2      | Reached XP level 5. HP: 31/38 MP: 4/7
  1221 | D:2      | Found Imown's Jewellery Emporium.
  1392 | D:3      | Found an ancient bone altar of Kikubaaqudgha.
  1467 | D:3      | You fall into a shaft and drop 3 floors!
  1467 | D:6      | Found a staircase to the Ecumenical Temple.
  1480 | Temple   | Entered the Ecumenical Temple
  1596 | Temple   | Became a worshipper of Qazlal Stormbringer
  1663 | D:5      | Entered Level 5 of the Dungeon
  1931 | D:3      | Found a burning altar of Makhleb.
  1931 | D:3      | Noticed a balrug
  2065 | D:3      | Identified the +3 ring mail of the Invisible Hand {-Cast
                  | Regen+ Str+8 SInv}
  2072 | D:3      | Noticed a black bear
  2205 | D:3      | Reached XP level 6. HP: 40/44 MP: 9/9
  2282 | D:3      | Found a white marble altar of Elyvilon.
  2478 | D:3      | Learned a level 3 spell: Sigil of Binding
  2709 | D:4      | Reached skill level 1 in Invocations
  2866 | D:4      | HP: 2/46 [orc/+0 mace (2)]
  2867 | D:4      | You fall into a shaft and drop 3 floors!
  3133 | D:4      | Reached XP level 7. HP: 17/51 MP: 10/10
  3136 | D:4      | Gained mutation: Your flesh is cold resistant. (rC+)
                  | [potion of mutation]
  3136 | D:4      | HP: 2/51 [orc/+0 falchion (4)]
  3236 | D:4      | Reached * piety under Qazlal
  4683 | D:5      | Found a runed translucent gate.
  4684 | D:5      | Found a runed translucent gate.
  4684 | D:5      | Found a runed translucent gate.
  4686 | D:5      | Noticed nj0rd12's ghost (novice GnFE)
  4730 | D:5      | Found a blossoming altar of Fedhas.
  4767 | D:5      | Reached XP level 8. HP: 23/58 MP: 12/12
  4948 | D:5      | Reached skill level 5 in Hexes
  5694 | D:6      | Reached skill level 5 in Ranged Weapons
  5735 | D:6      | Reached ** piety under Qazlal
  6087 | D:6      | Reached XP level 9. HP: 44/65 MP: 10/14
  6549 | D:7      | Learned a level 4 spell: Dimensional Bullseye
  7421 | D:7      | Found a shimmering blue altar of Sif Muna.
  7461 | D:8      | Found a glowing silver altar of Zin.
  7611 | D:7      | Reached skill level 5 in Fighting
  7716 | D:7      | Reached XP level 10. HP: 33/74 MP: 16/16
  7719 | D:7      | Slain by a yak

Illustrated notes

Levels and vault maps discovered:
D:1:      sevenhm_arrival_forest_fort_small_5, layout_basic
D:2:      layout_rooms, serial_shops, shop
D:3:      layout_loops_cross, mainiacjoe_overflow_cross_hatched,
          nicolae_overflow_crystal_walls, makhleb_altar_promises_db
D:4:      layout_basic, serial_curves, eino_curves_03, eino_curves_01,
          minmay_tree_intersection, kennysheep_generic_room_12
D:5:      layout_basic, mainiacjoe_overflow_tiny_flanked,
          ebering_ghost_rock_garden
D:6:      layout_basic, mainiacjoe_overflow_paths,
          minmay_temple_entry_glassed_door, dk_vineyard_2,
          serial_library_hellmonk_secret_room, kennysheep_generic_room_13
D:7:      layout_cave_pods, tgw_sif
D:8:      layout_basic, lemuel_zombie_altar_yredelemnul, general_overflow_altar
Temple:   hellmonk_temple_flake

Skill      XL: |  1  2  3  4  5  6  7  8  9 |
---------------+----------------------------+-----
Dodging        | 2 3 4 |  4.5
Stealth        | 1 2 3 |  3.0
Hexes          | 4 5 6 |  6.4
Fighting       | 2 3 4 5 |  5.1
Fire Magic     | 2 3 4 |  4.4
Ranged Weapons | 3 4 5 6 |  6.7
Spellcasting   | 2 3 4 |  4.5
Invocations    | 1 2 3 4 |  4.6

Action                     |  1- 3 |  4- 6 |  7- 9 | 10-12 || total
---------------------------+-------+-------+-------+-------++-------
   Fire: Sling             |    72 |   229 |   156 |       ||   457
         Shortbow          |       |       |   193 |     4 ||   197
   Cast: Jinxbite          |     1 |     7 |     8 |       ||    16
         Sigil of Binding  |       |       |     3 |       ||     3
         Inner Flame       |       |       |    17 |       ||    17
 Invoke: Upheaval          |       |       |     2 |       ||     2
Ability: Shaft Self        |       |     2 |       |       ||     2
         Dig               |       |     1 |       |       ||     1
  Evoke: Wand              |       |       |     3 |       ||     3
    Use: Potion            |       |     3 |     3 |       ||     6
         Scroll            |       |     3 |     4 |       ||     7
 Armour: Robe              |    11 |    90 |   129 |     4 ||   234
         Leather armour    |       |       |     7 |       ||     7
         Skin              |       |       |     5 |       ||     5
  Dodge: Dodged            |    12 |   104 |   116 |       ||   232
  Block: Other             |       |       |    13 |       ||    13

Table legend: (Time is in decaauts)
 A = Elapsed time spent in this place.
 B = Non-inter-level travel time spent in this place.
 C = Inter-level travel time spent in this place.
 D = Time resting spent in this place.
 E = Time spent auto-exploring this place.
 F = Levels seen in this place.
 G = Mean time per level.
                   A        B        C        D        E       F      G
               +--------+--------+--------+--------+--------+-----+--------+
         Total |   7855 |   7539 |    316 |   1628 |   3735 |   9 |  872.8 |
       Dungeon |   7727 |   7411 |    316 |   1544 |   3735 |   8 |  965.9 |
        Temple |    127 |    127 |      0 |     84 |      0 |   1 |  127.0 |
               +--------+--------+--------+--------+--------+-----+--------+

Top non-repeatable levels by time:
     D:4: 1750 daAuts
     D:7: 1418 daAuts
     D:5: 1355 daAuts
     D:3: 1013 daAuts
     D:1: 773 daAuts
     D:6: 695 daAuts
     D:2: 611 daAuts
  Temple: 127 daAuts
     D:8: 109 daAuts
